 Dungeon Crawl Stone Soup version 0.25.0-11-g1f837a76a1 (webtiles) character file.

Game seed: 15085797406457721525

21 VeryBadPlayer the Insei (level 2, -2/18 HPs)
             Began as an Octopode Transmuter on June 26, 2020.
             Slain by a kobold
             ... wielding a +0 club
              (4 damage)
             ... on level 1 of the Dungeon.
             The game lasted 00:00:59 (692 turns).

VeryBadPlayer the Insei (Octopode Transmuter)        Turns: 692, Time: 00:01:00

Health: -2/18      AC:  1    Str:  9    XL:     2   Next: 87%
Magic:  4/5        EV: 13    Int: 15    God:
Gold:   32         SH:  0    Dex: 12    Spells: 4/5 levels left

rFire    + . .     SeeInvis .     - Unarmed
rCold    x . .     Gourm    .   (no shield)
rNeg     . . .     Faith    .   (helmet restricted)
rPois    .         Spirit   .   (no amulet)
rElec    .         Reflect  .   b - ring of fire
rCorr    .         Harm     .   (no ring)
MR       .....                  (no ring)
Stlth    ++........             (no ring)
HPRegen  0.06/turn              (no ring)
MPRegen  0.09/turn              (no ring)
                                (no ring)
                                (no ring)

@: appendage
A: almost no armour, stealthy swim, amphibious, 8 rings, constrict 8, tentacle
spike 3, camouflage 1, gelatinous body 1
a: End Transformation


You were on level 1 of the Dungeon.
You were not hungry.
One of your tentacles had a temporary spike.
You visited 1 branch of the dungeon, and saw 1 of its levels.

You collected 32 gold pieces.

Inventory:

Missiles
 a - 12 arrows
Jewellery
 b - a ring of fire (left tentacle)
Scrolls
 d - a scroll of immolation {unknown}
 e - a scroll of teleportation {unknown}
 g - a scroll of enchant armour {unknown}
 h - 2 scrolls of remove curse {unknown}
 j - 3 scrolls of identify {unknown}
Potions
 i - a potion of flight {unknown}
Comestibles
 c - 3 rations
 f - a chunk of flesh


   Skills:
 + Level 1.3 Fighting
 + Level 2.2 Dodging
 + Level 3.1 Unarmed Combat
 + Level 2.2 Spellcasting
 * Level 2.4 Transmutations


You had 4 spell levels left.
You knew the following spells:

 Your Spells              Type           Power        Failure   Level  Hunger
a - Beastly Appendage     Tmut           #.....       8%          1    #......

Your spell library contained the following spells:

 Spells                   Type           Power        Failure   Level  Hunger
 Sticks to Snakes         Tmut           #.......     12%         2    ###....
 Spider Form              Tmut/Pois      #.........   36%         3    ###....
 Ice Form                 Ice/Tmut       #.......     78%         4    #####..
 Blade Hands              Tmut           #.........   91%         5    ######.


Dungeon Overview and Level Annotations

Branches:
Dungeon (1/15)

Altars:


Innate Abilities, Weirdness & Mutations

You cannot wear most types of armour.
You are very stealthy in the water. (Stealth+)
You are amphibious.
You can wear up to eight rings at the same time.
You can use your tentacles to constrict eight enemies at once.
Your skin changes colour to match your surroundings (Stealth+).
Your rubbery body absorbs attacks. (AC +1, EV +1)
One of your tentacles bears a large vicious spike.


Message History

You are too injured to fight recklessly!
You are too injured to fight recklessly!
You are too injured to fight recklessly!
You are too injured to fight recklessly!
You are too injured to fight recklessly!
You are too injured to fight recklessly!
You are too injured to fight recklessly!
You are too injured to fight recklessly!
Unknown command.
Casting: Beastly Appendage (safe; 8% risk of failure)
Confirm with . or Enter, or press ? or * to list all spells.
One of your tentacles grows a vicious spike.
Something bites the plant.
The kobold barely misses you. The kobold hits you.
Something bites the bush but does no damage.
The kobold hits you with a +0 short sword.
* * * LOW HITPOINT WARNING * * *
You barely miss the kobold. You grab the kobold. You constrict the kobold.
Something bites the plant but does no damage.
The kobold hits you with a +0 club.
You die...

#.# ......
#.# ####.
#.# ......
#.# #####.
##(# ##
#(.# #
#.###
♣P#(PP♣
#PK@.P#
♣P.KK..#
#.......♣
#P...§...♣
#♣.÷..§.≈♣
#P.....PP
♣PP...PPP#
#PP###PP♣


You could see 3 kobolds.

Vanquished Creatures
  2 leopard geckos (D:1)
  2 goblins (D:1)
  A hobgoblin (D:1)
  4 jackals (D:1)
  3 kobolds (D:1)
  3 frilled lizards (D:1)
  2 rats (D:1)
17 creatures vanquished.

Notes
Turn   | Place    | Note
-------+----------+-------------------------------------------
     0 | D:1      | VeryBadPlayer the Octopode Transmuter began the quest for
                  | the Orb.
     0 | D:1      | Reached XP level 1. HP: 13/13 MP: 3/3
   143 | D:1      | Reached XP level 2. HP: 7/18 MP: 5/5
   692 | D:1      | Slain by a kobold

Illustrated notes

Levels and vault maps discovered:
D:1:      matt_arrival_diagonals, layout_basic, lexackson_kobold_supper

Action                   || total
-------------------------++-------
Melee: Unarmed           ||    36
       Constrict         ||    12
       Kick              ||     5
       Tentacles         ||     6
 Cast: Beastly Appendage ||     4
 Stab: Sleeping          ||     2
Dodge: Dodged            ||    23
